 Dungeon Crawl Stone Soup version 0.23.2-33-g5129a83184 (webtiles) character file.

Game seed: 14271704493574919496

42 MalarOregon the Digger (level 3, 0/29 HPs)
             Began as a Ghoul Earth Elementalist on July 14, 2019.
             Slain by an orc
             ... wielding a +0 hand axe
              (7 damage)
             ... on level 2 of the Dungeon.
             The game lasted 00:02:36 (2231 turns).

MalarOregon the Digger (Ghoul Earth Elementalist)   Turns: 2231, Time: 00:02:36

Health: 0/29       AC:  3    Str: 11    XL:     3   Next: 56%
Magic:  4/4        EV: 12    Int: 11    God:
Gold:   89         SH:  0    Dex:  9    Spells: 4/5 levels left

rFire    . . .     SeeInvis .   f - +3 whip
rCold    + . .     Gourm    .   (no shield)
rNeg     + + +     Faith    .   c - +1 robe
rPois    ∞         Spirit   .   (no helmet)
rElec    .         Reflect  .   (no cloak)
rCorr    .         Harm     .   (no gloves)
MR       +....                  (no boots)
Stlth    ++........             a - amulet of regeneration
HPRegen  0.00/turn              l - ring of protection from magic
MPRegen  0.09/turn              (no ring)

@: rotting
A: rotting body, claws 1, carnivore, cold resistance 1, negative energy
resistance 3, inhibited regeneration, torment resistance, unbreathing
a: no special abilities


You were on level 2 of the Dungeon.
You were not hungry.

You visited 1 branch of the dungeon, and saw 3 of its levels.

You collected 89 gold pieces.

Inventory:

Hand Weapons
 f - a +3 whip (weapon)
   (You took it off a kobold on level 1 of the Dungeon)
Missiles
 b - 125 stones (quivered)
Armour
 c - a +1 robe (worn)
Jewellery
 a - an amulet of regeneration (around neck)
   (You found it on level 2 of the Dungeon)
 l - a ring of protection from magic (left claw)
   (You found it on level 1 of the Dungeon)
Scrolls
 g - 2 scrolls of remove curse {@r2}
 i - a scroll of enchant armour
Potions
 h - a potion of magic {unknown}
Comestibles
 d - 5 chunks of flesh
 e - 4 rations {!d}


   Skills:
 + Level 2.2 Fighting
 - Level 1.7 Dodging
 - Level 2.1 Stealth
 - Level 1.7 Spellcasting
   Level 0.8 Transmutations
 + Level 4.2 Earth Magic


You had 4 spell levels left.
You knew the following spells:

 Your Spells              Type           Power        Failure   Level  Hunger
a - Sandblast             Erth           ##....       5%          1    ##.....

Your spell library contained the following spells:

 Spells                   Type           Power        Failure   Level  Hunger
 Passwall                 Tmut/Erth      #.......     16%         2    ###....
 Stone Arrow              Conj/Erth      #.....       36%         3    ####...
 Petrify                  Tmut/Erth      #.......     71%         4    #####..
 Lee's Rapid Deconstruct  Erth           ##........   83%         5    ######.


Dungeon Overview and Level Annotations

Branches:
Dungeon (3/15)

Altars:
Qazlal


Innate Abilities, Weirdness & Mutations

Your body is rotting away.
You thrive on raw meat.
You are immune to poison.
You have sharp fingernails.
You are carnivorous and can eat meat at any time.
Your flesh is cold resistant. (rC+)
You are immune to negative energy. (rN+++)
You do not regenerate when monsters are visible.
You are immune to unholy pain and torment.
You can survive without breathing.


Message History

You kill the bat!
No target in view!
No target in view!
Done exploring.
Done exploring.
Done exploring.
Done exploring.
No target in view!
There is a stone staircase leading up here.
You see here 8 poisoned needles.
There is a stone staircase leading down here.
You climb downwards.
A ball python and an orc come into view.
The ball python hisses angrily.
You hear a shout!
The orc shouts!
You hear a shout!
There is a stone staircase leading up here.
An orc comes into view.
The orc shouts!
A kobold comes into view. It is wielding a +0 short sword.
You whack the ball python!
You kill the ball python!
The orc closely misses you.
An orc comes into view. It is wielding a +0 club.
You barely miss the orc. The orc hits you with a +0 hand axe.
The orc closely misses you.
You closely miss the orc. The orc hits you. The orc misses you.
There is a stone staircase leading up here.
The orc closely misses you.
You climb upwards.
There is a stone staircase leading down here.
You hit the orc. The orc barely misses you.
The orc hits you with a +0 hand axe.
You barely miss the orc. The orc barely misses you. The orc closely misses you.
You hit the orc. The orc barely misses you.
The orc hits you with a +0 hand axe.
You hit the orc but do no damage. The orc closely misses you.
The orc barely misses you.
You hit the orc but do no damage. The orc closely misses you.
The orc barely misses you.
You hit the orc. The orc hits you.
* * * LOW HITPOINT WARNING * * *
The orc hits you with a +0 hand axe.
* * * LOW HITPOINT WARNING * * *
Here: an orc, wielding a +0 hand axe and wearing a +0 chain mail (almost dead)
The floor.
The orc barely misses you.
You barely miss the orc. The orc closely misses you. The orc hits you.
* * * LOW HITPOINT WARNING * * *
You hit the orc but do no damage. The orc hits you with a +0 hand axe!
You die...

##############.#.#.##.....#.#
##...........#.#.#.##.#####.#
##.#########.#.#.#......# #.#
.#.# #.#.#.####.#.# #.# .#!#
#.#.#.####.#.# #.#
.#.#########.#.#......#.###.#
...............>..........#.#
.#.##.........[#oo......#.#.#
.#.##..........#@..######.#.#
.#.............#.#........#.#
.####..........############.#
.............)..............#
.###########.################
## #.# #.# #.###### #......#


You could see 2 orcs.

Vanquished Creatures
  A giant cockroach (D:1)
  3 goblins
  4 hobgoblins
  8 jackals
  3 ball pythons
  5 bats
  3 frilled lizards
  7 kobolds
  4 rats
38 creatures vanquished.

Notes
Turn   | Place    | Note
-------+----------+-------------------------------------------
     0 | D:1      | MalarOregon the Ghoul Earth Elementalist began the quest
                  | for the Orb.
     0 | D:1      | Reached XP level 1. HP: 14/14 MP: 2/2
   356 | D:1      | Reached skill level 1 in Fighting
   398 | D:1      | Reached XP level 2. HP: 16/23 MP: 3/3
  1619 | D:2      | Reached XP level 3. HP: 28/29 MP: 4/4
  1627 | D:2      | Reached skill level 4 in Earth Magic
  1827 | D:2      | Found a stormy altar of Qazlal.
  2231 | D:2      | Slain by an orc

Skill      XL: |  1  2  3 |
---------------+----------+-----
Fighting       | 1 2 |  2.2
Earth Magic    | 4 |  4.2
Dodging        | |  1.7
Stealth        | |  2.1
Spellcasting   | |  1.7
Transmutations | |  0.8

Action                   || total
-------------------------++-------
Melee: Whip              ||   116
       Unarmed           ||    10
  Use: Scroll            ||     6
       Potion            ||     3
 Stab: Sleeping          ||     4
  Eat: Chunk             ||     7
Armor: Robe              ||    27
Dodge: Dodged            ||    95
